Map: Acropolis LE

Players

hellraiser

  • Race: Protoss Protoss
  • Spawn Location: 11:00

GogojOey - Winner!

  • Race: Zerg Zerg
  • Spawn Location: 5:00

Event: NationWars 2019

VOD

Have the link to the VOD?

Description

Time

  • Played on: Oct. 3, 2019, 1:46 p.m.
  • Length: 3:48
Show
View Real Time Build Order
Export as new Build Order

hellraiser Protoss 

Build Orders: 1 Gate Expand 

Get SALT Encoding   

  12  0:00  Probe  
  13  0:13  Probe  
  14  0:20  Pylon  
  14  0:25  Probe  
  15  0:38  Probe (Chrono Boost)  
  15  0:39  Gateway  
  16  0:47  Probe (Chrono Boost)  
  16  0:48  Assimilator  
  17  0:52  Probe (Chrono Boost)  
  18  1:04  Probe  
  19  1:20  Nexus  
  19  1:23  Probe  
  20  1:35  Cybernetics Core  
  20  1:37  Probe  
  21  1:43  Assimilator  
  21  1:49  Probe  
  21  1:53  Pylon  
  22  2:01  Probe  
  23  2:09  Adept (Chrono Boost)  
  23  2:13  Probe  
  26  2:18  Stargate  
  26  2:27  Probe (Chrono Boost)  
  26  2:29  Adept (Chrono Boost)  
  27  2:32  Probe (Chrono Boost)  
  30  2:41  Probe (Chrono Boost)  
  30  2:42  Probe (Chrono Boost)  
  32  2:46  Probe (Chrono Boost)  
  32  2:49  Probe  
  34  2:51  Adept  
  36  3:01  Probe  
  36  3:02  Void Ray (Chrono Boost)  
  41  3:06  Probe  
  42  3:13  Probe  
  34  3:21  Probe  
Show
View Real Time Build Order
Export as new Build Order

GogojOey Zerg - Winner!

Build Orders: Hatch First 

Get SALT Encoding   

  12  0:00  Drone  
  13  0:12  Overlord  
  13  0:16  Drone  
  14  0:31  Drone x2  
  16  0:48  Hatchery  
  15  0:51  Drone  
  15  0:54  Drone  
  17  0:58  Drone  
  18  1:08  Extractor  
  17  1:14  Spawning Pool  
  17  1:17  Drone  
  17  1:20  Drone  
  18  1:29  Drone  
  19  1:39  Drone  
  20  1:49  Hatchery  
  19  2:01  Zergling x4  
  21  2:02  Zergling x2  
  22  2:09  Metabolic Boost  
  22  2:11  Zergling x2  
  22  2:13  Zergling x2  
  24  2:22  Queen  
  24  2:28  Overlord  
  26  2:35  Zergling x2  
  26  2:36  Zergling x2  
  28  2:48  Zergling x6  
  31  2:54  Zergling x2  
  31  2:56  Zergling x2  
  33  3:09  Zergling x4  
  36  3:12  Zergling x2  
  36  3:17  Zergling x4  
Tags
 
Add a new tag
Caveats
  • Supply blocks, unpowered buildings, or Contaminate may cause inaccurate times.
  • Supply counts are checked every 10 seconds.